 Dungeon Crawl Stone Soup version 0.24-a0-136-gad582e5 (webtiles) character file.

Game seed: 0

1589 snowfan the Conjurer (level 8, -3/52 HPs)
             Began as a Mummy Venom Mage on Feb 28, 2019.
             Was an Initiate of Vehumet.
             Slain by a worker ant (6 damage)
             ... on level 7 of the Dungeon.
             The game lasted 00:44:56 (9561 turns).

snowfan the Conjurer (Mummy Venom Mage)             Turns: 9561, Time: 00:44:57

Health: -3/52      AC:  6    Str: 12    XL:     8   Next: 61%
Magic:  6/16       EV: 12    Int: 16    God:    Vehumet [......]
Gold:   244        SH:  0    Dex: 12    Spells: 0/17 levels left

rFire    x . .     SeeInvis .   m - +4 dagger (venom)
rCold    + . .     Gourm    .   (no shield)
rNeg     + + +     Faith    .   a - +0 robe
rPois    ∞         Spirit   .   o - +0 helmet (curse)
rElec    .         Reflect  .   k - +0 cloak
rCorr    .         Harm     .   (no gloves)
MR       +....                  i - +1 pair of boots
Stlth    +++.......             (no amulet)
HPRegen  0.17/turn              g - ring of positive energy
MPRegen  0.15/turn              h - ring of stealth

@: no status effects
A: no food or potions, fire vulnerability, cold resistance 1, negative energy
resistance 3, torment resistance, unbreathing
a: Renounce Religion


You were on level 7 of the Dungeon.
You worshipped Vehumet.
Vehumet was noncommittal.
You were not hungry.

You visited 2 branches of the dungeon, and saw 8 of its levels.
You also visited: Sewer.

You collected 244 gold pieces.

Inventory:

Hand Weapons
 c - a +1 whip of venom
 f - a +0 short sword
 m - a +4 dagger of venom (weapon)
Armour
 a - a +0 robe (worn)
 i - a +1 pair of boots (worn)
 k - a +0 cloak (worn)
 o - a cursed +0 helmet (worn)
Jewellery
 g - a ring of positive energy (left hand)
 h - a ring of stealth (right hand)
Wands
 d - a wand of paralysis (7)
 e - a wand of enslavement (8)
Scrolls
 b - a scroll of identify
 j - 4 scrolls of remove curse
 l - a scroll of enchant weapon
 n - a scroll of magic mapping
 p - 2 scrolls of amnesia


   Skills:
 - Level 1.5 Dodging
 - Level 1.5 Stealth
 - Level 5.3 Spellcasting
 - Level 5.5 Conjurations
 + Level 4.0 Fire Magic
 - Level 5.3 Poison Magic


You couldn't memorise any spells.
You knew the following spells:

 Your Spells              Type           Power        Failure   Level  Hunger
a - Sting                 Conj/Pois      ###.         1%          1    N/A
b - Iskenderun's Mystic   Conj           ###.....     16%         4    N/A
c - Mephitic Cloud        Conj/Pois/Air  ###.....     10%         3    N/A
d - Conjure Flame         Conj/Fire      ###.....     6%          3    N/A
e - Dazzling Spray        Conj/Hex       ##....       14%         3    N/A
s - Magic Dart            Conj           ###.         1%          1    N/A
v - Poisonous Vapours     Pois/Air       ##....       8%          2    N/A

Your spell library contained the following spells:

 Spells                   Type           Power        Failure   Level  Hunger
 Flame Tongue             Conj/Fire      ###..        1%          1    N/A
 Searing Ray              Conj           ###...       2%          2    N/A
 Throw Flame              Conj/Fire      ###...       3%          2    N/A
 Shock                    Conj/Air       ##..         4%          1    N/A
 Throw Frost              Conj/Ice       ##....       7%          2    N/A
 Animate Skeleton         Necr           N/A          14%         1    N/A
 Apportation              Tloc           #.....       14%         1    N/A
 Confusing Touch          Hex            #.....       14%         1    N/A
 Freeze                   Ice            #...         14%         1    N/A
 Summon Small Mammal      Summ           #...         14%         1    N/A
 Static Discharge         Conj/Air       ##......     14%         3    N/A
 Olgreb's Toxic Radiance  Pois           ###.....     16%         4    N/A
 Inner Flame              Hex/Fire       ##......     19%         3    N/A
 Sticky Flame             Conj/Fire      ###.....     21%         4    N/A
 Swiftness                Chrm/Air       #.......     22%         2    N/A
 Ozocubu's Armour         Chrm/Ice       #.......     41%         3    N/A
 Venom Bolt               Conj/Pois      ###.......   41%         5    N/A
 Force Lance              Conj/Tloc      ##......     43%         4    N/A
 Fulminant Prism          Conj/Hex       ##........   43%         4    N/A
 Throw Icicle             Conj/Ice       ##......     43%         4    N/A
 Fireball                 Conj/Fire      ###.......   50%         5    N/A
 Lightning Bolt           Conj/Air       ##........   78%         5    N/A
 Airstrike                Air            #.........   82%         4    N/A
 Summon Ice Beast         Ice/Summ       #.......     82%         4    N/A

Dungeon Overview and Level Annotations

Branches:
Dungeon (7/15)             Temple (1/1) D:5

Altars:
Ashenzari
Cheibriados
Dithmenos
Elyvilon
Fedhas
Gozag
Hepliaklqana
Nemelex Xobeh
Okawaru
Qazlal
Ru
Sif Muna
Trog
Uskayaw
Vehumet
Wu Jian
Yredelemnul
Zin
The Shining One

Shops:
D:5 }


Innate Abilities, Weirdness & Mutations

You do not eat or drink.
Your flesh is vulnerable to fire.
You are immune to poison.
Your flesh is cold resistant. (rC+)
You are immune to negative energy. (rN+++)
You are immune to unholy pain and torment.
You can survive without breathing.


Message History

Confirm with . or Enter, or press ? or * to list all spells.
You don't have enough magic to cast that spell.
The worker ant misses you.
The wight hits you with a cursed +2 mace!
* * * LOW HITPOINT WARNING * * *
The worker ant barely misses you.
You see here 10 gold pieces.
The worker ant misses you. The worker ant barely misses you.
The worker ant barely misses you. The worker ant bites you.
* * * LOW HITPOINT WARNING * * *
Your magical contamination has completely faded away.
Evoke which item? (* to show all) (? for menu, Esc to quit)
Aiming: Paralyse
Press: ? - help, Shift-Dir - straight line, f/p - wight
Aim: a wight, wielding a +2 mace and wearing a cursed +0 robe (chance to defeat MR: 46%)
The worker ant resists with significant effort.
The worker ant bites you.
You die...

##.#.# #z## #..#.# a.. #.#.#
#.# .###..#######.#
##.#...†.......#
#......#######.#### ..#..##.#
#....# #.. #.# #######.### #
#..##.####...@a.z..## ###
#.##..#.......#######..###_##
........#####.# ##.##...##
.a....#.# #.#8$..8# ####....#
#.##...## # ####.# #.###.##
#######.#####.# #.#⌠#.##
..............# #.....⌠#
########.#.##.# ###⌠#.##


You could see a worker ant and a wight.

Vanquished Creatures
  An ice beast (D:5)
  2 sky beasts
  A black bear (D:6)
  A phantom (D:6)
  3 ogres
  3 centaurs
  A big kobold (Sewer)
  A scorpion (D:5)
  3 crimson imps
  3 orc wizards (D:4)
  A bullfrog skeleton (D:5)
  A worker ant (D:6)
  A worker ant zombie (D:5)
  4 gnolls (D:4)
  11 adders
  2 river rats (Sewer)
  2 shadow imps (D:5)
  2 oozes
  An adder zombie (D:5)
  3 dart slugs
  8 leopard geckos
  9 orcs
  7 giant cockroaches
  5 goblins
  4 hobgoblins
  5 jackals
  5 quokkas
  3 ball pythons
  3 bats
  5 frilled lizards
  7 kobolds
  11 rats
119 creatures vanquished.

Notes
Turn   | Place    | Note
-------+----------+-------------------------------------------
     0 | D:1      | snowfan the Mummy Venom Mage began the quest for the Orb.
     0 | D:1      | Reached XP level 1. HP: 13/13 MP: 4/4
   792 | D:1      | Reached XP level 2. HP: 19/19 MP: 4/6
   796 | D:1      | Learned a level 2 spell: Poisonous Vapours
  1244 | D:1      | Reached XP level 3. HP: 17/24 MP: 5/8
  1911 | D:2      | Learned a level 3 spell: Mephitic Cloud
  2388 | D:2      | Learned a level 1 spell: Magic Dart
  2685 | D:3      | Reached skill level 1 in Conjurations
  2685 | D:3      | Reached XP level 4. HP: 30/30 MP: 7/10
  2733 | D:3      | Found a shadowy altar of Dithmenos.
  3046 | D:3      | Found a white marble altar of Elyvilon.
  3216 | D:3      | Found a glowing drain.
  3243 | Sewer    | Entered a sewer
  3628 | Sewer    | Noticed a big kobold
  3760 | Sewer    | Killed a big kobold
  3760 | Sewer    | Reached XP level 5. HP: 35/35 MP: 2/11
  3860 | Sewer    | Found a white marble altar of Elyvilon.
  4291 | D:4      | Found a blossoming altar of Fedhas.
  4713 | D:4      | Noticed an ogre
  4726 | D:4      | Killed an ogre
  4726 | D:4      | Reached XP level 6. HP: 35/41 MP: 4/12
  4758 | D:4      | You fall through a shaft for 2 floors!
  4978 | D:5      | Entered Level 5 of the Dungeon
  5081 | D:5      | Learned a level 3 spell: Dazzling Spray
  5242 | D:5      | Noticed an ice beast
  5461 | D:4      | Reached XP level 7. HP: 44/46 MP: 0/13
  6599 | D:4      | Reached skill level 5 in Conjurations
  6728 | D:5      | Reached skill level 5 in Spellcasting
  6728 | D:5      | Reached skill level 5 in Poison Magic
  6842 | D:4      | Learned a level 4 spell: Iskenderun's Mystic Blast
  6948 | D:5      | Reached XP level 8. HP: 52/52 MP: 1/15
  7084 | D:5      | Found a stormy altar of Qazlal.
  7213 | D:5      | Learned a level 3 spell: Conjure Flame
  7461 | D:5      | Found a staircase to the Ecumenical Temple.
  7568 | Temple   | Entered the Ecumenical Temple
  7576 | Temple   | Became a worshipper of Vehumet
  7928 | D:5      | Found Zarufesm's Gadget Shop.
  7958 | D:5      | Found a glowing golden altar of the Shining One.
  8152 | D:6      | Reached skill level 1 in Fire Magic
  9531 | D:7      | Found a sacrificial altar of Ru.
  9531 | D:7      | Found a shadowy altar of Dithmenos.
  9556 | D:7      | HP: 2/52 [worker ant (6)]
  9561 | D:7      | Slain by a worker ant

Levels and vault maps discovered:
D:1:      dpeg_arrival_water_altar, layout_loops_corners
D:2:      layout_loops_corners, first_ration, minmay_large_rounded_square
D:3:      layout_basic, marbit_many_paths, portal_sewer_entry_f,
          nicolae_dithmenos_through_a_glass_darkly
D:4:      layout_basic, lemuel_crystal_altar, serial_curves, eino_curves_02,
          eino_curves_01
D:5:      layout_cave_pools, lemuel_doored_altar,
          minmay_temple_entry_nine_rooms, serial_shops,
          nicolae_shop_behind_doors, nicolae_tso_carved_into_rock
D:6:      layout_basic
D:7:      layout_loops_ring, grunt_temple_overflow_champion_of_chaos,
          lemuel_round_altar, amethyst_overflow_temple_binary, serial_shops,
          kennysheep_mini, grunt_ogre_cave, hangedman_decor_clover_reticule,
          trog_ov_bears_minmay, uniq_joseph
Temple:   cyrus_circular_temple
Sewer:    sewer_kobolds

Skill      XL: |  1  2  3  4  5  6  7  8 |
---------------+-------------------------+-----
Spellcasting   | 3 4 5 |  5.3
Poison Magic   | 3 4 5 |  5.3
Conjurations   | 1 2 3 4 5 |  5.5
Fire Magic     | 4 |  4.0
Dodging        | |  1.5
Stealth        | |  1.5

Action                   |  1- 3 |  4- 6 |  7- 9 || total
-------------------------+-------+-------+-------++-------
Melee: Unarmed           |     2 |       |       ||     2
       Short sword       |    26 |       |       ||    26
       Whip              |       |    33 |     9 ||    42
       Dagger            |       |       |    15 ||    15
 Cast: Sting             |    46 |    72 |    11 ||   129
       Poisonous Vapours |     5 |    12 |    10 ||    27
       Magic Dart        |     5 |    55 |   106 ||   166
       Mephitic Cloud    |       |     4 |     2 ||     6
       Iskenderun's Myst |       |       |    13 ||    13
       Dazzling Spray    |       |       |     5 ||     5
       Conjure Flame     |       |       |     1 ||     1
Evoke: Wand              |       |       |     4 ||     4
  Use: Scroll            |     1 |       |     6 ||     7
 Stab: Sleeping          |       |     1 |     1 ||     2
Armor: Robe              |     9 |    18 |    22 ||    49
Dodge: Dodged            |    24 |    60 |    73 ||   157

Table legend:
 A = Non-vault XP
 B = Vault XP
 C = Vault XP percentage of total XP
 D = Non-vault monster count
 E = Vault monster count
 F = Vault count percentage of total count
                 A         B        C        D         E       F
            +---------+---------+-------+---------+---------+-------
      Total |    2125 |     146 |   6.4 |     104 |      15 |  12.6
            +---------+---------+-------+---------+---------+-------
        D:1 |      47 |       0 |   0.0 |      25 |       0 |   0.0
        D:2 |      48 |       0 |   0.0 |      14 |       0 |   0.0
        D:3 |      66 |      16 |  19.5 |      16 |       6 |  27.3
        D:4 |     526 |       0 |   0.0 |      25 |       0 |   0.0
        D:5 |     651 |       0 |   0.0 |      13 |       0 |   0.0
        D:6 |     774 |       0 |   0.0 |      10 |       0 |   0.0
        D:7 |      13 |       0 |   0.0 |       1 |       0 |   0.0
      Sewer |       0 |     130 | 100.0 |       0 |       9 | 100.0
            +---------+---------+-------+---------+---------+-------
